General information
- name: BNet
- type: Ladder 1vs1/FFA
- host: Battle.net
- saver: MISTERBONES
map: TidewaterGlades
- players: 2
- length: 47:22
- speed: Fast
- version: 1.26 W3XP
- replay type: Public
» download(145 KB)
Players
team 1 (loser)
Spheres.108 (
yellow | 58 APM | 2752 actions | 47:20)
3 Death Knight
2 Unholy Aura
1 Death Coil
3 Lich
2 Frost Nova
1 Frost Armor
2 Dark Ranger
1 Silence
1 Black Arrow
» actions
| Assign group hotkey | 16 | |
| Basic commands | 167 | |
| Build / train | 96 | |
| ESC pressed | 1 | |
| Enter build submenu | 21 | |
| Enter hero's abilities submenu | 10 | |
| Give item / drop item | 2 | |
| Right click | 1435 | |
| Select / deselect | 842 | |
| Select group hotkey | 51 | |
| Use ability | 110 | |
2752 total
» units
| Acolyte | 29 | |
| Ghoul | 13 | |
| Obsidian Statue | 1 | |
| Abomination | 8 | |
| Crypt Fiend | 2 | |
| Meatwagon | 1 | |
54 total
» upgrades
| Cannibalize | 1 | |
| Unholy Strength | 2 | |
| Unholy Armor | 1 | |
| Web | 1 | |
| Destroyer Form | 1 | |
6 total
» buildings
| Altar of Darkness | 1 | |
| Crypt | 1 | |
| Ziggurat | 7 | |
| Graveyard | 1 | |
| Tomb of Relics | 1 | |
| Halls of the Dead | 4 | |
| Slaughterhouse | 1 | |
| Black Citadel | 2 | |
| Nerubian Tower | 3 | |
| Spirit Tower | 1 | |
| Necropolis | 5 | |
27 total
» build order
00:22 Altar of Darkness
00:25 Crypt
00:38 Ziggurat
01:47 Graveyard
01:57 Tomb of Relics
02:22 Ziggurat
02:51 Halls of the Dead
02:52 Halls of the Dead
02:52 Halls of the Dead
04:52 Ziggurat
08:15 Slaughterhouse
08:23 Ziggurat
08:44 Black Citadel
08:44 Black Citadel
12:04 Nerubian Tower
12:04 Nerubian Tower
16:47 Ziggurat
16:48 Ziggurat
17:13 Spirit Tower
21:34 Ziggurat
27:29 Necropolis
27:43 Necropolis
29:00 Necropolis
29:55 Necropolis
30:00 Necropolis
» items
| Rod of Necromancy | 1 | |
| Scroll of Town Portal | 1 | |
| Orb of Corruption | 1 | |
| Potion of Mana | 1 | |
| Potion of Healing | 4 | |
8 total
team 2 (winner)
MISTERBONES (
teal | 67 APM | 3169 actions | 47:22)
6 Paladin
3 Holy Light
3 Divine Shield
6 Archmage
2 Summon Water Elemental
3 Brilliance Aura
1 Blizzard
» actions
| Assign group hotkey | 64 | |
| Basic commands | 251 | |
| Build / train | 144 | |
| ESC pressed | 19 | |
| Enter build submenu | 71 | |
| Enter hero's abilities submenu | 13 | |
| Give item / drop item | 7 | |
| Right click | 1284 | |
| Select / deselect | 707 | |
| Select group hotkey | 263 | |
| Use ability | 346 | |
3169 total
» units
| Peasant | 15 | |
| Footman | 13 | |
| Furbolg Shaman | 1 | |
| Knight | 4 | |
| Gryphon Rider | 4 | |
| Goblin Sapper | 8 | |
| Goblin Shredder | 1 | |
| Goblin Zeppelin | 2 | |
48 total
» upgrades
| Defend | 1 | |
| Swords | 3 | |
| Masonry | 2 | |
| Animal War Training | 1 | |
| Storm Hammers | 1 | |
| Magic Sentry | 1 | |
9 total
» buildings
| Altar of Kings | 3 | |
| Barracks | 1 | |
| Farm | 40 | |
| Arcane Vault | 2 | |
| Scout Tower | 74 | |
| Arcane Tower | 5 | |
| Keep | 1 | |
| Castle | 1 | |
| Lumber Mill | 1 | |
| Guard Tower | 12 | |
| Gryphon Aviary | 2 | |
| Blacksmith | 1 | |
| Town Hall | 2 | |
| Arcane Sanctum | 1 | |
| Workshop | 1 | |
| Cannon Tower | 4 | |
151 total
» build order
00:04 Altar of Kings
00:05 Barracks
00:09 Altar of Kings
00:12 Altar of Kings
00:30 Farm
00:33 Farm
00:43 Farm
02:03 Farm
02:39 Arcane Vault
03:23 Scout Tower
03:58 Farm
04:00 Farm
04:02 Arcane Tower
04:49 Keep
07:44 Scout Tower
07:44 Scout Tower
07:49 Castle
08:47 Lumber Mill
10:26 Guard Tower
10:29 Gryphon Aviary
10:29 Gryphon Aviary
10:33 Blacksmith
10:49 Scout Tower
12:10 Farm
12:10 Farm
12:12 Farm
12:19 Guard Tower
13:59 Farm
14:03 Scout Tower
14:04 Scout Tower
14:06 Scout Tower
15:13 Guard Tower
15:43 Town Hall
16:49 Scout Tower
16:51 Scout Tower
16:53 Scout Tower
16:54 Scout Tower
17:08 Scout Tower
17:16 Scout Tower
17:31 Guard Tower
17:40 Guard Tower
18:19 Scout Tower
18:19 Scout Tower
19:08 Guard Tower
21:08 Scout Tower
21:09 Scout Tower
21:10 Scout Tower
21:10 Scout Tower
21:28 Guard Tower
22:07 Scout Tower
22:08 Scout Tower
22:09 Scout Tower
22:09 Scout Tower
22:10 Scout Tower
22:11 Scout Tower
22:12 Scout Tower
22:12 Scout Tower
23:40 Guard Tower
23:42 Scout Tower
23:43 Guard Tower
23:53 Scout Tower
23:57 Arcane Sanctum
24:12 Scout Tower
24:14 Town Hall
24:15 Arcane Tower
24:28 Arcane Tower
24:31 Scout Tower
25:06 Arcane Tower
25:07 Guard Tower
27:56 Guard Tower
28:11 Arcane Vault
31:43 Arcane Tower
31:44 Guard Tower
41:46 Farm
41:47 Farm
41:48 Farm
41:49 Farm
41:50 Farm
41:53 Farm
41:54 Farm
41:55 Farm
41:56 Farm
42:00 Farm
42:01 Farm
42:04 Farm
42:07 Farm
42:11 Farm
42:13 Farm
42:14 Farm
42:16 Farm
42:19 Farm
42:21 Farm
42:22 Farm
42:23 Farm
42:24 Farm
42:29 Farm
42:35 Farm
42:40 Farm
42:48 Farm
42:53 Farm
42:59 Farm
43:10 Farm
43:13 Scout Tower
43:14 Scout Tower
43:15 Scout Tower
43:25 Scout Tower
43:25 Scout Tower
43:27 Scout Tower
43:32 Farm
43:38 Scout Tower
43:40 Scout Tower
43:41 Scout Tower
43:41 Scout Tower
43:42 Scout Tower
43:45 Scout Tower
43:48 Scout Tower
43:51 Scout Tower
43:54 Scout Tower
43:57 Scout Tower
44:03 Scout Tower
44:04 Scout Tower
44:04 Scout Tower
44:07 Scout Tower
44:09 Scout Tower
44:10 Scout Tower
44:13 Scout Tower
44:16 Scout Tower
44:16 Scout Tower
44:18 Scout Tower
44:23 Scout Tower
44:27 Scout Tower
44:29 Scout Tower
44:30 Scout Tower
44:31 Scout Tower
44:45 Scout Tower
44:47 Scout Tower
44:49 Scout Tower
44:55 Scout Tower
44:57 Scout Tower
45:00 Scout Tower
45:03 Scout Tower
45:05 Scout Tower
45:07 Scout Tower
45:08 Scout Tower
45:21 Workshop
45:29 Scout Tower
45:30 Scout Tower
45:54 Cannon Tower
46:03 Cannon Tower
46:04 Cannon Tower
46:06 Cannon Tower
» items
| Lesser Clarity Potion | 10 | |
| Scroll of Regeneration | 6 | |
| Scroll of Town Portal | 2 | |
| Potion of Healing | 5 | |
| Potion of Mana | 3 | |
| Boots of Speed | 2 | |
| Potion of Invisibility | 6 | |
| Staff of Teleportation | 1 | |
| Potion of Lesser Invulnerability | 5 | |
| Staff of Sanctuary | 1 | |
| Ivory Tower | 1 | |
| Periapt of Vitality | 1 | |
| Circlet of Nobility | 1 | |
| Tome of Retraining | 1 | |
45 total
Chat log
(00:06 / All) Spheres.108: pp?
(00:10 / All) Spheres.108: wash hands
(01:18 / All) Spheres.108: mind if i wash hands?
(01:20 / All) Spheres.108: 2 minutes
(09:15 / All) Spheres.108: ASDF
(16:13 / All) Spheres.108: LOL
(18:42 / All) Spheres.108: DAM
(18:43 / All) Spheres.108: UR GOOD
(26:50 / All) Spheres.108: HOW DOES UD BEAT
(26:52 / All) Spheres.108: MASS TOWER
(27:08 / All) Spheres.108: HOW DO UD
(27:09 / All) Spheres.108: AT YOUR ELVEL
(27:11 / All) Spheres.108: BEAT THAT STRAT
(27:22 / All) MISTERBONES: try not doing the exact same fucking thing every game maybe?
(27:33 / All) Spheres.108: SO WHAT DO THEY DO
(27:40 / All) MISTERBONES: dk lich ghouls fiends aboms blah blah so boring
(27:46 / All) MISTERBONES: you have no strategic awareness, thats your problem
(27:52 / All) Spheres.108: DOES THAT WORK AGAINST THE STRAT THO?
(27:52 / All) MISTERBONES: stop playing strategy games, go play dota its easier
(28:00 / All) Spheres.108: NOT AN ANSWER
(28:02 / All) Spheres.108: TO MY QUESTION
(28:05 / All) MISTERBONES: i dont have to give you one.
(28:05 / All) Spheres.108: HOW DO UD BEAT YOU
(28:07 / All) Spheres.108: WHEN YOU DO TOWERS
(28:18 / All) Spheres.108: YOU'RE AN INTERNET BAD BOY
(28:22 / All) Spheres.108: AREN'T YOU BIG BOY
(28:23 / All) MISTERBONES: youre the one asking
(28:25 / All) MISTERBONES: in caps
(28:26 / All) MISTERBONES: and getting mad
(28:31 / All) Spheres.108: YOU'RE A NERD BADASS HUH
(28:39 / All) Spheres.108: SO HOW DO I BEAT GAY STRATS
(28:40 / All) Spheres.108: LIKE YOURS
(28:40 / All) MISTERBONES: im not the one angry over a video game
(28:48 / All) Spheres.108: WELL YOU'RE SUCKING COCKS
(28:49 / All) MISTERBONES: maybe learn how to think for yourself?
(28:51 / All) Spheres.108: SO
(28:56 / All) MISTERBONES: so whose the internet tough guy now?
(29:30 / All) Spheres.108: DANG YOU MUST GET WOMEN
(29:33 / All) Spheres.108: LIKE A LOT
(29:55 / All) MISTERBONES: you sound fat.
(30:03 / All) Spheres.108: I GUESS YOU'RE FAT TO
(30:09 / All) Spheres.108: SINCE THAT'S WHAT YOU'RE INSECURE ABOUT
(30:10 / All) Spheres.108: LOL
(30:15 / All) Spheres.108: DONT YOU KNOW
(30:17 / All) Spheres.108: ALL INTERNETS
(30:18 / All) MISTERBONES: w/e you need to tell yourself
(30:23 / All) Spheres.108: ARE 6'2'' 240 MUSCLE/
(30:24 / All) MISTERBONES: youre so mad :D
(30:25 / All) Spheres.108: ?
(30:35 / All) Spheres.108: YOU SOUND MAD BRO
(30:43 / All) Spheres.108: DON'T LET GAMES GET TO YOU
(30:51 / All) MISTERBONES: im not, i won :)
(31:05 / All) MISTERBONES: you could just leave but youre too angry
(31:11 / All) Spheres.108: NAH
(31:15 / All) MISTERBONES: they always deny it
(31:16 / All) Spheres.108: I'M ENJOYING
(31:18 / All) Spheres.108: MAKING YOU MAD
(31:24 / All) Spheres.108: JUST LIKE YOU DENY SUCKING PENIS
(31:25 / All) MISTERBONES: lol
(31:25 / All) Spheres.108: LOL
(31:29 / All) Spheres.108: YOU'RE TOO FUNNY
(31:35 / All) MISTERBONES: never seen someone so bad at this game get so angry :)
(31:40 / All) Spheres.108: :)
(31:45 / All) Spheres.108: I'M NOT MAD
(31:51 / All) MISTERBONES: of course youre not
(31:53 / All) Spheres.108: JUST LAUGHING AT YOUR FLAWED LOGIC
(31:58 / All) Spheres.108: WE ARE INTERNET GANGSTERS
(32:01 / All) Spheres.108: THAT'S WHY WE ARE BATTLING
(32:03 / All) MISTERBONES: youre the one talking shit bro
(32:03 / All) Spheres.108: WITH KEYBOARDS
(32:04 / All) Spheres.108: LOL
(32:10 / All) Spheres.108: WHY DON'T YOU GO LOSE SOME WEIGHT
(32:11 / All) Spheres.108: FATTY
(32:16 / All) Spheres.108: OK BRO
(32:16 / All) MISTERBONES: not mad at all...lol
(32:19 / All) Spheres.108: PUT DOWN
(32:21 / All) Spheres.108: THE DOUBLE MAC
(32:22 / All) Spheres.108: BRO
(32:25 / All) Spheres.108: CALM DOWN
(32:27 / All) Spheres.108: IT'S JUST A GAME
(32:31 / All) Spheres.108: DON'T JIZZ ABOUT IT
(32:36 / All) Spheres.108: GETTING EXCITED KILLING THOSE PIXELS
(32:36 / All) Spheres.108: LOL
(32:38 / All) MISTERBONES: i told you that 10 minutes ago
(32:41 / All) Spheres.108: THEN COME BACK AND TALK TO ME
(32:44 / All) MISTERBONES: if youre not mad then just leave?
(33:34 / All) MISTERBONES: RUN
(33:37 / All) MISTERBONES: POTION
(33:42 / All) Spheres.108: DANG
(33:44 / All) Spheres.108: U MAD BRAH?
(33:48 / All) MISTERBONES: no i told you to potion...
(34:07 / All) Spheres.108: L;OOLOLOL
(34:09 / All) Spheres.108: U MAD BHUH
(34:15 / All) MISTERBONES: not really im just draining your gold
(34:19 / All) Spheres.108: GOLD
(34:20 / All) Spheres.108: LOL
(34:22 / All) Spheres.108: BET U THINK IC ARE
(34:26 / All) MISTERBONES: clearly you do.
(34:31 / All) Spheres.108: UH HUH
(34:33 / All) Spheres.108: JUST LIKE YOU CARE
(34:35 / All) Spheres.108: ABOUT HAVING EX
(34:36 / All) Spheres.108: SEX
(34:37 / All) Spheres.108: BUT YOU CAN'T
(34:40 / All) Spheres.108: BECAUSE YOU HIDE IN YOUR HOLE
(34:42 / All) Spheres.108: LIKE YOU TOWER
(34:48 / All) Spheres.108: OH GOOD JOB!
(34:50 / All) Spheres.108: YOU KILLED M YPIXEL?
(34:54 / All) Spheres.108: U A MAN NOW!
(34:58 / All) Spheres.108: TOO BAD YOU'VE NEVER PUT YOUR DICK
(34:59 / All) Spheres.108: IN A WOMAN!
(35:03 / All) Spheres.108: I BET
(35:06 / All) Spheres.108: YOU'RE JIZZING
(35:07 / All) Spheres.108: OHHHHHH
(35:09 / All) Spheres.108: I KILLED A HERO
(35:10 / All) Spheres.108: LOIL
(35:10 / All) Spheres.108: NERD
(35:17 / All) MISTERBONES: so why are you playing this game again?
(35:19 / All) MISTERBONES: this should be good
(35:36 / All) Spheres.108: CLEARLY
(35:38 / All) Spheres.108: I PLAY AS MUCH AS YOU DO
(35:41 / All) Spheres.108: LOL
(35:48 / All) MISTERBONES: you have enough games on record that you should understand the basics
(35:57 / All) Spheres.108: YOU HAVE ENOUGH YEARS IN YOUR LIFE
(36:01 / All) Spheres.108: THAT YOU SHOULD LOSE YOUR VIRGINITY
(36:09 / All) Spheres.108: IT'S LIKE BEING 25-0 BRO
(36:22 / All) MISTERBONES: you know youre really getting upset here do you have someone you can talk to
(36:26 / All) Spheres.108: HAVE SEX
(36:27 / All) Spheres.108: IT'S NICE
(36:29 / All) Spheres.108: FEELS GOOD
(36:33 / All) Spheres.108: MAKES YOU FEEL BETTER ABOUT YOUR LIFE
(36:37 / All) Spheres.108: TRY IT SOMETIME BRO
(36:39 / All) Spheres.108: AND NO MATTER WHAT
(36:41 / All) Spheres.108: DON'T GET MAD ONLINE
(36:44 / All) Spheres.108: IT'S NOT WORTH IT
(36:47 / All) Spheres.108: USUALLY IT'S SOME FAT GUY
(36:49 / All) Spheres.108: LIKE YOURSELF
(36:58 / All) MISTERBONES: are you saying were having sex now?
(37:00 / All) MISTERBONES: because im down
(37:14 / All) Spheres.108: YOU HAVE DOWNS
(37:20 / All) Spheres.108: :)
(37:27 / All) MISTERBONES: what do you have against the disabled?
(37:48 / All) Spheres.108: WHAT DO YOU HAVE AGAINST HAVING SEX WITH WOMEN
(37:53 / All) Spheres.108: AND PUTTING YOUR PENIS IN THEIR VAGINA?
(38:02 / All) MISTERBONES: you really aren't mad are you :)
(38:12 / All) Spheres.108: USE YOUR SPELLS MAN
(38:50 / All) MISTERBONES: no potion?
(38:51 / All) Spheres.108: JUST REMEMBER SON
(38:53 / All) Spheres.108: WHEN YOU HAVE SEX
(38:58 / All) Spheres.108: YOU WILL FEEL BETTER ABOUT YOUR LIFE
(38:59 / All) Spheres.108: JUST TRY IT
(39:03 / All) Spheres.108: GO TALK TO THAT GIRL AT WORK
(39:04 / All) Spheres.108: OR WIAT
(39:05 / All) MISTERBONES: omg youre so mad its amazing
(39:06 / All) Spheres.108: YOU DON'T WORK
(39:09 / All) MISTERBONES: this has been great i need a cig now
(39:10 / All) Spheres.108: BECAUSE YOU'RE SMURFING
(39:16 / All) Spheres.108: SO YOU PROBABLY SIT AT HOME AND JIZZ
(39:17 / All) Spheres.108: TO PIXELS
(39:18 / All) Spheres.108: BUT
(39:20 / All) Spheres.108: MAYBE
(39:22 / All) Spheres.108: AT THE STORE
(39:23 / All) Spheres.108: ASK HER OUT
(39:27 / All) MISTERBONES: i wasnt even going to try to win just stockpile gold but i didnt think youd be this bad :)
(39:28 / All) Spheres.108: AND EVENTUALLY SHE MIGHT HAVE SEX WITH YOU
(39:31 / All) Spheres.108: AND YOU WILL FEEL BETTER
(39:32 / All) Spheres.108: ALSO
(39:35 / All) Spheres.108: IF YO UWANT TO LOSE WEIGHT
(39:42 / All) Spheres.108: TRY PUTTING DOWN THE CHEESEBURGERS
(39:45 / All) Spheres.108: AND EAT SOME VEGGIES BRO
(39:47 / All) Spheres.108: IT HELPS
(39:51 / All) Spheres.108: DONT WORRY YOU'LL GET THERE
(39:57 / All) Spheres.108: DON'T GIVE UP HOPE
(40:03 / All) Spheres.108: THE FIRST STEP IS TO STEP OUTSIDE YOUR HOUSE
(40:09 / All) Spheres.108: AND NOT BE AFRAID OF THE LIGHT
(40:11 / All) MISTERBONES: so where are you right now?
(40:23 / All) Spheres.108: INSTEAD OF TRYING TO NERD BATTLE PEOPLE WHO BARELY SPEND TIME ON THEIR COMPUTER
(40:29 / All) Spheres.108: ALSO
(40:30 / All) MISTERBONES: again where are you right now
(40:30 / All) Spheres.108: DON'T GET SO MAD
(40:33 / All) Spheres.108: ON THE INTERNET
(40:39 / All) Spheres.108: IT'S NOT WORTH IT
(40:42 / All) Spheres.108: THOSE ARE MY TIPS
(40:44 / All) Spheres.108: GL BRO
(40:46 / All) MISTERBONES: im not the one raging in all caps over losing a game
(40:52 / All) Spheres.108: JUST REMEMBER TO HAVE A POSITIVE ATTITUDE
(40:58 / All) Spheres.108: AND WHEN YOU ACCUSE OTHERS OF THINGS
(41:01 / All) Spheres.108: THE THINGS YOU JUDGE OTHERS OF
(41:04 / All) Spheres.108: PSYCHOLOGICALLYA RE THE THINGS
(41:08 / All) Spheres.108: THAT YOU FEEL INSCURE ABOUT YOURSELF
(41:11 / All) Spheres.108: SO IF YOU'RE FAT AND MAD
(41:13 / All) Spheres.108: AND A A NERD
(41:18 / All) Spheres.108: AND SIT AT HOME ALL DAY JIZZING
(41:19 / All) Spheres.108: TO PIXELS
(41:21 / All) Spheres.108: JUST REMEMBER
(41:21 / All) MISTERBONES: that isn't actually in the DSMIV
(41:24 / All) Spheres.108: DON'T GET MAD.
(41:26 / All) Spheres.108: PEACE BRO
(41:27 / All) Spheres.108: GL
(41:34 / All) MISTERBONES: bye rager
(41:36 / All) Spheres.108: I GOTTA HAVE SEX NOW
(41:39 / All) Spheres.108: LATERZ
(41:41 / All) MISTERBONES: im so sure you do
(41:42 / All) MISTERBONES: lol
(46:43 / All) MISTERBONES: i like how youre SO angry that you left the game running
(46:58 / All) MISTERBONES: youd waste hours just to make me waste 2 minutes destroying your base
(47:03 / All) MISTERBONES: but the funny thing is i dont care
(47:15 / All) MISTERBONES: so here is me destroying your base in the slowest way possible
(47:18 / All) Spheres.108: JUST CAME BACK TO CHECK ON U
(47:20 / All) Spheres.108: U STILL HERE?